 Dungeon Crawl Stone Soup version 0.31-a0-889-g1a8549509d (webtiles) character file.

Game seed: 10498361480119908707

124 Darius099 the Chopper (level 4, -8/39 HPs)
             Began as a Minotaur Fighter on Oct 16, 2023.
             Mangled by Blork the orc
             ... wielding a +0 glaive
              (12 damage)
             ... on level 4 of the Dungeon.
             The game lasted 00:09:09 (2180 turns).

Darius099 the Chopper (Minotaur Fighter)            Turns: 2180, Time: 00:09:10

Health: -8/39      AC: 12    Str: 23    XL:     4   Next: 81%
Magic:  3/3        EV:  6    Int:  5    God:
Gold:   145        SH:  4    Dex:  9    Spells: 3/3 levels left

rFire   . . .        a - +0 war axe
rCold   . . .        c - +0 buckler
rNeg    . . .        p - +0 plate armour
rPois   .            r - +1 hat
rElec   .            (no cloak)
rCorr   .            (no gloves)
SInv    .            (no boots)
Will    .....        (no amulet) Stlth
                     (no ring)
HPRegen 0.26/turn    (no ring)
MPRegen 0.08/turn

%: no passive effects
@: no status effects
A: horns 2, retaliatory headbutt
a: no special abilities


You were on level 4 of the Dungeon.
You visited 2 branches of the dungeon, and saw 5 of its levels.

You collected 145 gold pieces.

Inventory:

Hand Weapons
 a - a +0 war axe (weapon)
Armour
 c - a +0 buckler (worn)
 p - a +0 plate armour (worn)
 r - a +1 hat (worn)
Scrolls
 b - 2 scrolls of summoning {unknown}
 f - 4 scrolls of teleportation {unknown}
 k - a scroll of noise {unknown}
 l - a scroll of immolation {unknown}
 m - 4 scrolls of enchant armour {unknown}
 n - a scroll of revelation {unknown}
 o - a scroll of silence {unknown}
 q - a scroll of vulnerability {unknown}
 s - a scroll of amnesia {unknown}
 v - a scroll of identify {unknown}
Potions
 d - a potion of might
 e - 2 potions of lignification {unknown}
 g - 2 potions of enlightenment {unknown}
 h - 4 potions of invisibility {unknown}
 i - 2 potions of curing {unknown}
 j - 2 potions of cancellation {unknown}
 t - a potion of attraction {unknown}
 u - a potion of magic {unknown}


   Skills:
 - Level 3.6 Fighting
 + Level 6.2 Axes
 - Level 3.6 Armour
 - Level 3.6 Shields


You had 3 spell levels left.
You didn't know any spells.
Your spell library was empty.

Dungeon Overview and Level Annotations

Branches:
Dungeon (4/15)             Temple (1/1) D:4

Altars:
Dithmenos
Elyvilon
Hepliaklqana
Makhleb
Nemelex Xobeh
Qazlal
Ru
Sif Muna

Annotations:
D:4 2 transporters, Blork the orc, Robin


Innate Abilities, Weirdness & Mutations

You have a pair of horns on your head.
You reflexively headbutt those who attack you in melee.


Message History

Blork the orc barely misses you.
Robin roars a battlecry!
The hobgoblin goes into a battle-frenzy!
The hobgoblin barely misses you. You furiously retaliate!
You headbutt the hobgoblin!
You kill the hobgoblin!
Robin throws the goblin at you! The goblin hits you with a +0 dagger.
Blork the orc casts a spell at you.
The puff of flame hits you but does no damage.
The goblin no longer looks unusually strong.
Robin hits you but does no damage.
Blork the orc points at you and mumbles some strange words.
The puff of frost hits you!
* * * LOW HITPOINT WARNING * * *
You closely miss Blork the orc. You completely miss the goblin.
Blork the orc completely misses you.
Robin roars a battlecry!
The goblin goes into a battle-frenzy!
The goblin hits you but does no damage. Blork the orc barely misses you.
You block Robin's attack.
You closely miss Blork the orc. You slash the goblin!
You kill the goblin!
Blork the orc completely misses you.
Blork the orc points at you and mumbles some strange words.
The magic dart hits you.
* * * LOW HITPOINT WARNING * * *
Robin throws the goblin at you! The goblin barely misses you.
You furiously retaliate!
You headbutt the goblin.
You kill the goblin!
You slash Blork the orc!
Blork the orc is moderately wounded.
You block Blork the orc's attack. Robin barely misses you.
Blork the orc hits you with a +0 glaive.
* * * LOW HITPOINT WARNING * * *
You closely miss Blork the orc.
Blork the orc is moderately wounded.
Blork the orc hits you but does no damage.
Robin throws the goblin at you! You block the goblin's attack.
Blork the orc hits you with a +0 glaive!
You die...

#....#?.!#.............
#....#.∩.#..........##=
###....#.5!#.##..##..##..
##......##5##..#.####.##.#
#........###.....# #.(..#
##..>###......##.# ..##.#
##...####..#..#### ......#
###.....#####...##.# .
#..©#
..........go@g.......
##..#
.......#..g#)###..... #.#
.#.....#...### ....... #.#
###...#..## ......# #.#
#....#..# ...... ...
.......gg# ... .....gg..#
... ..Po.. ... ..)P.... ..


You could see Blork the orc (fast), Robin and 2 goblins.

Vanquished Creatures
  Jessica (D:3)
  3 adders
  2 worms
  An orc (D:3)
  5 ball pythons
  2 endoplasms (D:2)
  2 giant cockroaches (D:4)
  13 goblins
  5 hobgoblins
  5 kobolds
  2 quokkas
  9 bats
  7 frilled lizards
  3 rats
60 creatures vanquished.

Notes
Turn   | Place    | Note
-------+----------+-------------------------------------------
     0 | D:1      | Darius099 the Minotaur Fighter began the quest for the Orb.
     0 | D:1      | Reached XP level 1. HP: 19/19 MP: 0/0
   209 | D:1      | Reached skill level 3 in Axes
   363 | D:1      | Reached XP level 2. HP: 26/26 MP: 1/1
   902 | D:2      | Reached skill level 4 in Axes
   905 | D:2      | Reached XP level 3. HP: 28/31 MP: 2/2
  1770 | D:3      | Noticed Jessica
  1773 | D:3      | Killed Jessica
  1774 | D:3      | Reached skill level 5 in Axes
  1774 | D:3      | Reached XP level 4. HP: 18/39 MP: 3/3
  2059 | D:4      | Found a transporter.
  2059 | D:4      | Noticed a scorpion
  2062 | D:4      | Noticed a bullfrog
  2063 | D:4      | Found a transporter.
  2063 | D:4      | Found a sacrificial altar of Ru.
  2063 | D:4      | Noticed a centaur
  2135 | D:4      | Found a staircase to the Ecumenical Temple.
  2145 | Temple   | Entered the Ecumenical Temple
  2156 | D:4      | Reached skill level 6 in Axes
  2156 | D:4      | Noticed Robin
  2157 | D:4      | Noticed Blork the orc
  2180 | D:4      | Mangled by Blork the orc

Illustrated notes

Levels and vault maps discovered:
D:1:      dpeg_arrival_arbitrary_a, layout_loops_ring
D:2:      layout_rooms, minmay_stone_trees_large, minmay_tetromino_s2
D:3:      layout_basic, minmay_misc_feat_tiny, uniq_jessica
D:4:      cheibrodos_quashed, layout_cave_pools, mainiacjoe_overflow_boulevard,
          gammafunk_temple_overflow_arena, portal_sewer_entry_e, uniq_robin,
          uniq_blork_the_orc
Temple:   hellmonk_temple_beads

Skill      XL: |  1  2  3  4 |
---------------+-------------+-----
Axes           | 3 4 5 6 |  6.2
Fighting       | |  3.6
Armour         | |  3.6
Shields        | |  3.6

Action                     |  1- 3 |  4- 6 || total
---------------------------+-------+-------++-------
  Melee: War axe           |    92 |    39 ||   131
         Headbutt          |    10 |     3 ||    13
 Armour: Scale mail        |    46 |       ||    46
         Plate armour      |    19 |    43 ||    62
  Dodge: Dodged            |    43 |    18 ||    61
  Block: Buckler           |    19 |    13 ||    32

Table legend: (Time is in decaauts)
 A = Elapsed time spent in this place.
 B = Non-inter-level travel time spent in this place.
 C = Inter-level travel time spent in this place.
 D = Time resting spent in this place.
 E = Time spent auto-exploring this place.
 F = Levels seen in this place.
 G = Mean time per level.
                   A        B        C        D        E       F      G
               +--------+--------+--------+--------+--------+-----+--------+
         Total |   2219 |   2107 |    112 |     44 |   1321 |   5 |  443.8 |
       Dungeon |   2218 |   2106 |    112 |     44 |   1321 |   4 |  554.5 |
        Temple |      1 |      1 |      0 |      0 |      0 |   1 |    1.0 |
               +--------+--------+--------+--------+--------+-----+--------+

Top non-repeatable levels by time:
     D:1: 875 daAuts
     D:3: 629 daAuts
     D:2: 574 daAuts
     D:4: 139 daAuts
  Temple: 1 daAuts
